Map: Blackpink LE

Players

Plasmid

  • Race: Zerg Zerg
  • League: Diamond
  • Spawn Location: 7:00

Papo - Winner!

  • Race: Protoss Protoss
  • League: Master
  • Spawn Location: 1:00

VOD

Have the link to the VOD?

Description

A loss to an early blink timing

Time

  • Played on: April 22, 2018, 9:41 p.m.
  • Length: 9:01
Show
View Real Time Build Order
Export as new Build Order

Plasmid Zerg 

Build Orders: Pool First 

Get SALT Encoding   

  12  0:01  Drone  
  13  0:13  Overlord  
  13  0:19  Drone  
  14  0:34  Drone x2  
  16  0:37  Drone  
  17  0:51  Drone  
  18  1:02  Spawning Pool, Drone  
  18  1:05  Extractor  
  17  1:11  Drone  
  18  1:20  Hatchery  
  18  1:25  Drone  
  18  1:32  Drone  
  20  1:40  Drone  
  20  1:49  Queen  
  22  1:54  Overlord  
  22  2:07  Metabolic Boost  
  22  2:13  Zergling x4  
  24  2:25  Drone  
  24  2:27  Queen  
  27  2:32  Drone, Queen  
  30  2:51  Drone, Hatchery  
  31  2:54  Overlord  
  30  3:01  Drone x2  
  32  3:10  Drone  
  32  3:11  Drone x2  
  35  3:15  Spore Crawler  
  35  3:19  Spore Crawler  
  33  3:21  Drone  
  34  3:27  Drone x2  
  35  3:40  Drone  
  38  3:41  Drone x4  
  40  3:56  Roach Warren  
  40  3:59  Drone x5  
  44  4:05  Drone x2  
  46  4:11  Lair  
  46  4:18  Extractor, Drone  
  46  4:19  Drone x2  
  46  4:21  Overlord  
  48  4:24  Overlord  
  48  4:28  Queen  
  46  4:50  Roach x7  
  46  4:51  Roach x2  
  59  4:58  Roach x2  
  59  4:59  Roach  
  65  5:13  Overlord x3  
  65  5:14  Overlord  
  63  5:28  Overlord x3  
  63  5:43  Zergling x2  
  63  5:44  Zergling x14  
  71  5:55  Roach x3  
  71  5:56  Roach  
  54  6:19  Roach x6  
  54  6:21  Queen  
  54  6:22  Roach  
  54  6:24  Zergling x2  
  54  6:25  Zergling x2  
  58  6:33  Roach x3  
  50  6:56  Roach x5  
  56  7:04  Roach x3  
  62  7:19  Spine Crawler, Drone x3  
  64  7:25  Drone x2  
  66  7:38  Drone x2  
  66  7:43  Hydralisk Den  
  67  7:59  Extractor  
  66  8:06  Roach  
  66  8:07  Overlord x4  
  66  8:10  Overseer  
  60  8:32  Roach  
  60  8:33  Zergling x12, Roach x3  
  60  8:34  Roach  
Show
View Real Time Build Order
Export as new Build Order

Papo Protoss - Winner!

Build Orders:  

Get SALT Encoding   

  12  0:01  Probe  
  13  0:13  Probe  
  14  0:19  Pylon  
  14  0:25  Probe  
  15  0:37  Probe  
  15  0:39  Gateway  
  16  0:45  Probe, Assimilator  
  17  0:53  Probe  
  17  1:03  Probe, Pylon  
  19  1:14  Probe  
  20  1:22  Probe  
  20  1:26  Assimilator  
  20  1:29  Cybernetics Core  
  20  1:30  Probe  
  22  1:42  Probe  
  23  1:49  Pylon  
  23  1:54  Warp Gate  
  23  2:07  Probe, Stalker  
  26  2:12  Gateway  
  26  2:16  Pylon  
  26  2:19  Probe  
  27  2:31  Probe  
  27  2:36  Gateway  
  28  2:38  Gateway  
  28  2:46  Stalker  
  29  3:01  Stalker, Pylon  
  31  3:13  Gateway  
  31  3:16  Sentry  
  33  3:25  Sentry x2  
  37  3:57  Stalker x2  
  37  4:00  Stalker, Sentry  
  45  4:04  Nexus  
  45  4:21  Stalker  
  47  4:30  Pylon  
  47  4:52  Stalker x2  
  49  4:53  Stalker  
  49  4:54  Probe  
  54  5:04  Pylon  
  54  5:07  Probe  
  55  5:10  Pylon  
  55  5:19  Sentry x2  
  55  5:20  Probe  
  60  5:21  Probe  
  60  5:27  Stalker  
  63  5:29  Probe  
  63  5:30  Probe  
  63  5:33  Pylon  
  65  5:37  Probe  
  65  5:38  Probe  
  67  5:46  Probe, Stalker  
  67  5:47  Sentry  
  67  5:48  Probe  
  73  6:09  Stalker x3  
  73  6:10  Probe x2  
  77  6:12  Assimilator  
  67  6:34  Stalker  
  67  6:35  Stalker  
  67  6:36  Probe x2  
  71  6:41  Assimilator  
  67  7:07  Probe x2  
  63  7:10  Stalker x5  
  71  7:21  Probe x2  
  73  7:26  Gateway  
  73  7:32  Gateway  
  73  7:33  Probe x2  
  73  7:35  Pylon  
  75  7:38  Stalker  
  75  7:39  Stalker x2  
  75  7:40  Sentry x2  
  85  7:45  Probe  
  86  7:58  Nexus  
  86  8:00  Pylon  
  86  8:06  Sentry x3  
  86  8:09  Probe x2  
  88  8:31  Probe x2  
  90  8:35  Stalker x5  
  98  8:49  Probe x2  
  100  9:01  Gateway  
Tags
 
Add a new tag
Caveats
  • Supply blocks, unpowered buildings, or Contaminate may cause inaccurate times.
  • Supply counts are checked every 10 seconds.